[ AOE2 MATCH · #506319298 ]
UnrankedCelts vs Magyars
Player's team · LOSS
Rival team · WIN
[ REPLAY ANALYSIS · EXTRACTED FROM THE RECORDED GAME ]
Feudal
13:05
Castle
17:23
Imperial
51:07
| APM avg | 45.5 |
| APM peak | 110 |
| eAPM avg | 30.5 |
| Villagers / military | 221 / 243 |
Focus
⚔️ 40.9% · 🌾 59.1%
Spearman ×159 · Scorpion ×18 · Woad Raider ×15 · Battering Ram ×15 · Monk ×14 · Militia ×8
Feudal
9:18
Castle
19:34
Imperial
40:56
| APM avg | 43.0 |
| APM peak | 88 |
| eAPM avg | 29.4 |
| Villagers / military | 226 / 201 |
Focus
⚔️ 35.2% · 🌾 64.8%
Cavalry Archer ×75 · Magyar Huszar ×74 · Knight ×24 · Trebuchet (Packed) ×11 · Mangonel ×6 · Petard ×4
Match map
Initial resources + every placement click. Lines = walls · curves = elevation contours. ◆ gold · ⬟ stone · ● berries · ✦ relic · ◌ wall gap
Your base· ✓ Closed at 17:23 · 52t walls · no gate
Ripthepie's base· Open — opponent sealed themselves in
Smoothed initial terrain · ◌ = detected wall gap · hover for details
Inputs per minute
— snowshawnskate - - Ripthepie
Build order — snowshawnskate
First 150 of 739 actions detected
| 0:00 | Queue | Villager (Male) |
| 0:01 | Queue | Villager (Male) |
| 0:02 | Build | House |
| 0:03 | Build | House |
| 0:19 | Queue | Villager (Male) |
| 0:22 | Queue | Villager (Male) |
| 1:35 | Queue | Villager (Male) |
| 2:06 | Queue | Villager (Male) |
| 2:22 | Queue | Villager (Male) |
| 2:45 | Queue | Villager (Male) |
| 2:59 | Build | House |
| 3:13 | Queue | Villager (Male) |
| 3:34 | Build | Barracks |
| 3:38 | Queue | Villager (Male) |
| 3:47 | Queue | Villager (Male) |
| 4:15 | Queue | Militia |
| 4:24 | Build | House |
| 4:29 | Queue | Villager (Male) |
| 4:34 | Queue | Villager (Male) |
| 4:39 | Queue | Villager (Male) |
| 4:56 | Queue | Militia |
| 4:56 | Queue | Militia |
| 5:17 | Build | House |
| 5:48 | Queue | Militia |
| 5:48 | Queue | Villager (Male) |
| 6:01 | Build | Lumber Camp |
| 6:22 | Queue | Villager (Male) |
| 6:38 | Queue | Villager (Male) |
| 6:44 | Queue | Militia |
| 7:14 | Queue | Villager (Male) |
| 7:17 | Build | Mining Camp |
| 7:26 | Queue | Militia |
| 7:27 | Queue | Villager (Male) |
| 7:45 | Queue | Villager (Male) |
| 7:54 | Build | House |
| 8:15 | Build | Mill |
| 8:25 | Build | Palisade Wall |
| 8:29 | Queue | Villager (Male) |
| 8:43 | Queue | Militia |
| 8:58 | Queue | Villager (Male) |
| 9:09 | Queue | Militia |
| 9:10 | Queue | Villager (Male) |
| 9:14 | Build | Farm |
| 9:16 | Build | Farm |
| 9:17 | Build | Farm |
| 9:26 | Build | Palisade Wall |
| 9:30 | Build | Palisade Wall |
| 9:48 | Build | Palisade Wall |
| 9:50 | Build | Palisade Wall |
| 9:54 | Build | Palisade Wall |
| 9:56 | Build | Palisade Wall |
| 9:59 | Queue | Villager (Male) |
| 10:08 | Research | Loom |
| 10:26 | Build | Farm |
| 10:55 | Research | Feudal Age |
| 10:59 | Build | Farm |
| 12:00 | Build | Palisade Wall |
| 12:20 | Build | Palisade Wall |
| 12:34 | Build | House |
| 12:37 | Build | Palisade Wall |
| 12:55 | Build | Palisade Wall |
| 13:01 | Build | Palisade Wall |
| 13:04 | Build | Palisade Wall |
| 13:05 | Age | Feudal Age |
| 13:07 | Build | Palisade Wall |
| 13:12 | Research | Wheelbarrow |
| 13:15 | Build | Blacksmith |
| 13:22 | Build | Market |
| 13:26 | Build | Palisade Wall |
| 13:29 | Build | Palisade Wall |
| 13:35 | Build | House |
| 13:40 | Build | Palisade Wall |
| 13:41 | Build | Palisade Wall |
| 13:47 | Build | Palisade Wall |
| 14:12 | Build | House |
| 14:16 | Build | Palisade Wall |
| 14:16 | Build | Palisade Wall |
| 14:17 | Build | Palisade Wall |
| 14:19 | Build | Palisade Wall |
| 14:43 | Research | Castle Age |
| 15:20 | Build | House |
| 15:25 | Research | Double-Bit Axe |
| 16:45 | Research | Gold Mining |
| 16:50 | Build | Palisade Wall |
| 17:17 | Queue | Villager (Male) |
| 17:23 | Age | Castle Age |
| 17:29 | Build | Siege Workshop |
| 17:30 | Queue | Villager (Male) |
| 17:34 | Build | Monastery |
| 17:45 | Queue | Villager (Male) |
| 17:48 | Build | Farm |
| 17:55 | Build | Siege Workshop |
| 18:01 | Queue | Villager (Male) |
| 18:19 | Queue | Monk |
| 18:27 | Queue | Mangonel |
| 18:34 | Build | House |
| 18:34 | Build | House |
| 18:37 | Queue | Villager (Male) |
| 18:44 | Queue | Villager (Male) |
| 18:48 | Queue | Villager (Male) |
| 18:53 | Queue | Battering Ram |
| 18:57 | Build | House |
| 19:10 | Build | Farm |
| 19:24 | Queue | Scorpion |
| 19:39 | Queue | Villager (Male) |
| 19:46 | Queue | Villager (Male) |
| 19:47 | Build | Farm |
| 20:00 | Queue | Scorpion |
| 20:21 | Queue | Scorpion |
| 20:23 | Queue | Villager (Male) |
| 20:32 | Queue | Monk |
| 20:41 | Queue | Villager (Male) |
| 20:44 | Build | Lumber Camp |
| 20:46 | Build | Farm |
| 21:53 | Queue | Villager (Male) |
| 21:53 | Queue | Villager (Male) |
| 22:00 | Build | Palisade Wall |
| 22:08 | Queue | Scorpion |
| 22:08 | Queue | Scorpion |
| 22:19 | Queue | Villager (Male) |
| 22:28 | Queue | Scorpion |
| 22:29 | Queue | Scorpion |
| 22:41 | Queue | Monk |
| 22:44 | Build | Farm |
| 22:46 | Build | Farm |
| 23:24 | Build | Town Center |
| 23:26 | Queue | Villager (Male) |
| 23:26 | Queue | Villager (Male) |
| 23:41 | Queue | Villager (Male) |
| 23:44 | Build | Farm |
| 23:46 | Queue | Monk |
| 23:49 | Queue | Villager (Male) |
| 23:51 | Build | Farm |
| 24:18 | Queue | Villager (Male) |
| 24:29 | Queue | Monk |
| 24:30 | Queue | Monk |
| 24:36 | Build | Siege Workshop |
| 24:40 | Queue | Villager (Male) |
| 24:56 | Queue | Villager (Male) |
| 25:00 | Build | Farm |
| 25:01 | Build | Farm |
| 25:01 | Build | Farm |
| 25:01 | Build | Farm |
| 25:01 | Build | Farm |
| 25:08 | Queue | Mangonel |
| 25:19 | Queue | Villager (Male) |
| 25:37 | Queue | Villager (Male) |
| 25:37 | Queue | Villager (Male) |
| 26:03 | Queue | Mangonel |
| 26:04 | Queue | Villager (Male) |
Build order — Ripthepie
First 150 of 621 actions detected
| 0:00 | Queue | Villager (Male) |
| 0:00 | Queue | Villager (Male) |
| 0:01 | Queue | Villager (Male) |
| 0:01 | Queue | Villager (Male) |
| 0:02 | Build | House |
| 0:04 | Build | House |
| 1:24 | Queue | Villager (Male) |
| 1:57 | Queue | Villager (Male) |
| 2:17 | Queue | Villager (Male) |
| 2:22 | Build | Lumber Camp |
| 2:51 | Queue | Villager (Male) |
| 2:51 | Queue | Villager (Male) |
| 3:02 | Queue | Villager (Male) |
| 3:36 | Queue | Villager (Male) |
| 3:58 | Queue | Villager (Male) |
| 4:01 | Build | House |
| 4:04 | Build | House |
| 4:20 | Queue | Villager (Male) |
| 4:28 | Research | Loom |
| 4:28 | Research | Loom |
| 4:42 | Queue | Villager (Male) |
| 4:48 | Build | Palisade Wall |
| 4:48 | Build | Palisade Wall |
| 4:56 | Queue | Villager (Male) |
| 5:20 | Queue | Villager (Male) |
| 5:20 | Queue | Villager (Male) |
| 5:21 | Queue | Villager (Male) |
| 5:53 | Research | Loom |
| 5:59 | Build | Barracks |
| 6:52 | Build | Palisade Wall |
| 6:53 | Build | Palisade Wall |
| 6:59 | Build | House |
| 7:08 | Research | Feudal Age |
| 7:08 | Research | Feudal Age |
| 7:24 | Build | House |
| 7:39 | Queue | Militia |
| 7:40 | Queue | Militia |
| 8:37 | Queue | Villager (Male) |
| 9:02 | Build | Palisade Wall |
| 9:04 | Build | Palisade Wall |
| 9:07 | Queue | Villager (Male) |
| 9:18 | Age | Feudal Age |
| 9:20 | Build | Watch Tower |
| 9:29 | Queue | Villager (Male) |
| 9:32 | Build | Mill |
| 9:45 | Queue | Militia |
| 10:16 | Build | Palisade Wall |
| 10:18 | Build | Palisade Wall |
| 10:28 | Queue | Villager (Male) |
| 10:28 | Queue | Villager (Male) |
| 10:44 | Queue | Villager (Male) |
| 10:44 | Queue | Villager (Male) |
| 11:41 | Build | Farm |
| 11:43 | Build | Farm |
| 11:43 | Research | Man-at-Arms (upgrade) |
| 11:45 | Queue | Villager (Male) |
| 11:51 | Build | Farm |
| 11:55 | Build | Farm |
| 12:03 | Queue | Villager (Male) |
| 12:19 | Queue | Villager (Male) |
| 12:26 | Build | Mining Camp |
| 12:30 | Build | Farm |
| 12:32 | Queue | Villager (Male) |
| 12:34 | Queue | Villager (Male) |
| 13:24 | Build | Farm |
| 13:25 | Queue | Villager (Male) |
| 13:39 | Build | House |
| 14:05 | Queue | Villager (Male) |
| 14:07 | Build | Market |
| 14:16 | Build | Farm |
| 14:17 | Build | Farm |
| 14:28 | Queue | Villager (Male) |
| 14:42 | Research | Wheelbarrow |
| 14:43 | Research | Wheelbarrow |
| 15:18 | Build | Blacksmith |
| 15:23 | Build | House |
| 15:24 | Build | Palisade Wall |
| 16:16 | Build | Mining Camp |
| 16:54 | Research | Castle Age |
| 17:10 | Research | Double-Bit Axe |
| 17:11 | Research | Double-Bit Axe |
| 17:32 | Research | Horse Collar |
| 17:32 | Research | Horse Collar |
| 17:53 | Queue | Militia |
| 18:05 | Build | Farm |
| 18:06 | Build | Farm |
| 18:18 | Research | Fletching |
| 18:27 | Queue | Villager (Male) |
| 18:27 | Queue | Villager (Male) |
| 19:34 | Age | Castle Age |
| 19:37 | Build | Town Center |
| 19:41 | Build | Monastery |
| 19:46 | Research | Bow Saw |
| 19:46 | Research | Bow Saw |
| 19:47 | Queue | Villager (Male) |
| 20:07 | Build | Siege Workshop |
| 20:13 | Queue | Monk |
| 20:25 | Queue | Villager (Male) |
| 20:49 | Queue | Villager (Male) |
| 20:50 | Build | Farm |
| 21:15 | Queue | Villager (Male) |
| 22:05 | Queue | Villager (Male) |
| 22:05 | Queue | Villager (Male) |
| 22:05 | Queue | Villager (Male) |
| 22:05 | Queue | Villager (Male) |
| 22:08 | Build | Farm |
| 22:38 | Queue | Mangonel |
| 22:40 | Queue | Villager (Male) |
| 22:44 | Queue | Villager (Male) |
| 22:44 | Queue | Villager (Male) |
| 22:48 | Queue | Monk |
| 22:48 | Queue | Monk |
| 23:01 | Build | Farm |
| 23:15 | Queue | Villager (Male) |
| 23:17 | Build | Farm |
| 23:17 | Build | Farm |
| 23:17 | Build | Farm |
| 23:17 | Build | Farm |
| 23:18 | Build | Farm |
| 23:18 | Build | Farm |
| 23:22 | Build | Farm |
| 23:23 | Build | Farm |
| 23:27 | Queue | Villager (Male) |
| 23:40 | Queue | Villager (Male) |
| 23:40 | Queue | Villager (Male) |
| 24:02 | Queue | Villager (Male) |
| 24:02 | Queue | Villager (Male) |
| 24:19 | Queue | Villager (Male) |
| 24:24 | Queue | Villager (Male) |
| 24:27 | Queue | Villager (Male) |
| 24:36 | Queue | Villager (Male) |
| 24:39 | Queue | Villager (Male) |
| 24:55 | Queue | Villager (Male) |
| 24:55 | Queue | Villager (Male) |
| 25:01 | Queue | Villager (Male) |
| 25:05 | Queue | Villager (Male) |
| 25:16 | Queue | Villager (Male) |
| 25:17 | Queue | Villager (Male) |
| 25:46 | Queue | Villager (Male) |
| 26:02 | Queue | Villager (Male) |
| 26:03 | Queue | Villager (Male) |
| 26:04 | Queue | Villager (Male) |
| 26:05 | Queue | Villager (Male) |
| 26:05 | Queue | Villager (Male) |
| 26:07 | Queue | Villager (Male) |
| 26:14 | Queue | Villager (Male) |
| 26:15 | Queue | Villager (Male) |
| 26:21 | Build | House |
| 26:22 | Build | House |
| 26:22 | Build | House |
Match timeline
| 3:34 | snowshawnskate · first_building Barracks |
| 4:48 | Ripthepie · wall_segment Palisade Wall x1 |
| 4:48 | Ripthepie · wall_segment Palisade Wall x1 |
| 5:59 | Ripthepie · first_building Barracks |
| 6:52 | Ripthepie · wall_segment Palisade Wall x1 |
| 6:53 | Ripthepie · wall_segment Palisade Wall x1 |
| 8:25 | snowshawnskate · wall_segment Palisade Wall x1 |
| 9:02 | Ripthepie · wall_segment Palisade Wall x1 |
| 9:04 | Ripthepie · wall_segment Palisade Wall x1 |
| 9:18 | Ripthepie · age_up feudal |
| 9:26 | snowshawnskate · wall_segment Palisade Wall x6 |
| 9:30 | snowshawnskate · wall_segment Palisade Wall x10 |
| 9:48 | snowshawnskate · wall_segment Palisade Wall x4 |
| 9:50 | snowshawnskate · wall_segment Palisade Wall x3 |
| 9:54 | snowshawnskate · wall_segment Palisade Wall x7 |
| 9:56 | snowshawnskate · wall_segment Palisade Wall x3 |
| 10:16 | Ripthepie · wall_segment Palisade Wall x1 |
| 10:18 | Ripthepie · wall_segment Palisade Wall x1 |
| 12:00 | snowshawnskate · wall_segment Palisade Wall x1 |
| 12:20 | snowshawnskate · wall_segment Palisade Wall x1 |
| 12:37 | snowshawnskate · wall_segment Palisade Wall x1 |
| 12:55 | snowshawnskate · wall_segment Palisade Wall x1 |
| 13:01 | snowshawnskate · wall_segment Palisade Wall x1 |
| 13:04 | snowshawnskate · wall_segment Palisade Wall x1 |
| 13:05 | snowshawnskate · age_up feudal |
| 13:07 | snowshawnskate · wall_segment Palisade Wall x2 |
| 13:26 | snowshawnskate · wall_segment Palisade Wall x1 |
| 13:29 | snowshawnskate · wall_segment Palisade Wall x1 |
| 13:40 | snowshawnskate · wall_segment Palisade Wall x1 |
| 13:41 | snowshawnskate · wall_segment Palisade Wall x1 |
| 13:47 | snowshawnskate · wall_segment Palisade Wall x1 |
| 14:16 | snowshawnskate · wall_segment Palisade Wall x1 |
| 14:16 | snowshawnskate · wall_segment Palisade Wall x1 |
| 14:17 | snowshawnskate · wall_segment Palisade Wall x1 |
| 14:19 | snowshawnskate · wall_segment Palisade Wall x1 |
| 14:30 | snowshawnskate · first_market_sell 100 stone |
| 14:32 | snowshawnskate · first_market_buy 100 food |
| 15:24 | Ripthepie · wall_segment Palisade Wall x1 |
| 16:04 | Ripthepie · first_market_sell 500 wood |
| 16:05 | Ripthepie · first_market_buy 100 food |
| 16:50 | snowshawnskate · wall_segment Palisade Wall x3 |
| 17:23 | snowshawnskate · age_up castle |
| 17:29 | snowshawnskate · first_building Siege Workshop |
| 17:34 | snowshawnskate · first_building Monastery |
| 19:34 | Ripthepie · age_up castle |
| 19:41 | Ripthepie · first_building Monastery |
| 20:07 | Ripthepie · first_building Siege Workshop |
| 22:00 | snowshawnskate · wall_segment Palisade Wall x1 |
| 26:38 | Ripthepie · first_building Stable |
| 27:16 | Ripthepie · first_building Castle |
| 27:53 | snowshawnskate · first_building Castle |
| 28:02 | snowshawnskate · wall_segment Stone Wall x19 |
| 28:18 | snowshawnskate · first_building Stable |
| 31:22 | snowshawnskate · wall_segment Stone Wall x1 |
| 31:23 | snowshawnskate · wall_segment Stone Wall x1 |
| 31:25 | snowshawnskate · wall_segment Stone Wall x2 |
| 32:35 | snowshawnskate · wall_segment Stone Wall x5 |
| 33:57 | snowshawnskate · wall_segment Stone Wall x6 |
| 35:50 | snowshawnskate · wall_segment Stone Wall x1 |
| 35:53 | snowshawnskate · wall_segment Stone Wall x1 |
| 35:54 | snowshawnskate · wall_segment Stone Wall x1 |
| 36:38 | snowshawnskate · wall_segment Stone Wall x2 |
| 38:16 | snowshawnskate · wall_segment Stone Wall x1 |
| 38:22 | snowshawnskate · wall_segment Stone Wall x1 |
| 38:26 | snowshawnskate · wall_segment Stone Wall x1 |
| 40:56 | Ripthepie · age_up imperial |
| 45:09 | Ripthepie · first_building Archery Range |
| 51:07 | snowshawnskate · age_up imperial |
| 57:57 | snowshawnskate · wall_segment Stone Wall x5 |
| 58:29 | snowshawnskate · resign |
[ AI ANALYSIS · 1 CREDIT ]
What really happened in this match?
Wolo.gg analyzes every decision: build order, eco, micro, common mistakes by bracket. Personalized analysis on WhatsApp or Discord in 30 seconds.
Civ guide
Celts
Perfil
Jugador #1193732